Workbook

Sheet R8一覧
B1: 令和８年度みやぎ県民大学講座一覧
B2: 1.学校等開放講座 | E2: ※ 機関名をクリックすると詳しい内容を確認できます。
B3: № | C3: 種別 | D3: 機関名 | E3: 講座名 | F3: 募集期間 | I3: 開講期間
B4: 1 | C4: 高校 | D4: 宮城県白石工業高等学校 | E4: =_xlfn.XLOOKUP(D4,講座内容詳細!B:B,講座内容詳細!F:F,"該当なし") -> 木材でクリスマスツリーとリースを作ろう | F4: =講座内容詳細!B8 -> 9月14日(月)～10月16日(金) | I4: =講座内容詳細!B6 -> 11月14日(土)
B5: 2 | C5: 特支 | D5: 宮城県立松陵支援学校 | E5: =_xlfn.XLOOKUP(D5,講座内容詳細!B:B,講座内容詳細!F:F,"該当なし") -> クリスマスやお正月の飾りを作ろう | F5: =講座内容詳細!B17 -> 10月1日(木)～10月30日(金) | I5: =講座内容詳細!B15 -> 11月28日(土)、12月24日(木)
B6: 3 | C6: 高校 | D6: 宮城県仙台二華中学校・高等学校 | E6: =_xlfn.XLOOKUP(D6,講座内容詳細!B:B,講座内容詳細!F:F,"該当なし") -> 漢詩作法 ー人生を振り返り、これからの人生を豊かにするー | F6: =講座内容詳細!B26 -> 5月25日(月)～7月29日(水) | I6: =講座内容詳細!B24 -> 8月2日(日)、8月9日(日)、8月23日(日)、8月30日(日)
B7: =B6+1 -> 4 | C7: 高校 | D7: 宮城県古川工業高等学校 | E7: =_xlfn.XLOOKUP(D7,講座内容詳細!B:B,講座内容詳細!F:F,"該当なし") -> 化学技術の世界にふれてみませんか | F7: =講座内容詳細!B35 -> 5月7日(木)～5月28日(木) | I7: =講座内容詳細!B33 -> 6月28日(日)、7月5日(日)
B8: =B7+1 -> 5 | C8: 高校 | D8: 宮城県登米総合産業高等学校 | E8: =_xlfn.XLOOKUP(D8,講座内容詳細!B:B,講座内容詳細!F:F,"該当なし") -> 登米市のリンゴでリンゴジュースを作ってみませんか？ | F8: =講座内容詳細!B44 -> 9月1日(火)～9月18日(金) | I8: =講座内容詳細!B42 -> 11月7日(土)
B9: =B8+1 -> 6 | C9: 高校 | D9: 西山学院高等学校 | E9: =_xlfn.XLOOKUP(D9,講座内容詳細!B:B,講座内容詳細!F:F,"該当なし") -> 大自然の中の陶芸講座 | F9: =講座内容詳細!B53 -> 5月1日(金)～5月26日(火) | I9: =講座内容詳細!B51 -> 6月6日(土)、7月11日(土)、9月5日(土)、10月3日(土)
B10: =B9+1 -> 7 | C10: 高校 | D10: 星槎国際高等学校仙台学習センター | E10: =_xlfn.XLOOKUP(D10,講座内容詳細!B:B,講座内容詳細!F:F,"該当なし") -> 星槎×場所文化×仙台よさこい | F10: =講座内容詳細!B62 -> 6月1日(月)～7月24日(金) | I10: =講座内容詳細!B60 -> 8月1日(土)、8月2日(日)
B11: =B10+1 -> 8 | C11: 高校 | D11: 仙台育英学園高等学校 | E11: =_xlfn.XLOOKUP(D11,講座内容詳細!B:B,講座内容詳細!F:F,"該当なし") -> 初級韓国語を学び、キムチづくりをしよう | F11: =講座内容詳細!B71 -> 6月中旬～7月10日(金) | I11: =講座内容詳細!B69 -> 7月28日(火)、7月29日(水)
B12: =B11+1 -> 9 | C12: 施設 | D12: 宮城県蔵王自然の家 | E12: =_xlfn.XLOOKUP(D12,講座内容詳細!B:B,講座内容詳細!F:F,"該当なし") -> 白銀の蔵王 冬の森探検 | F12: =講座内容詳細!B80 -> 令和9年1月7日(木)～1月27日(水) | I12: =講座内容詳細!B78 -> 令和9年2月14日(日)
B13: =B12+1 -> 10 | C13: 施設 | D13: 宮城県松島自然の家 | E13: =_xlfn.XLOOKUP(D13,講座内容詳細!B:B,講座内容詳細!F:F,"該当なし") -> 宮戸島ハゼ釣り入門塾 | F13: =講座内容詳細!B89 -> 8月6日(木)～8月20日(木) | I13: =講座内容詳細!B87 -> 10月15日(木)
B14: =B13+1 -> 11 | C14: 施設 | D14: 宮城県志津川自然の家 | E14: =_xlfn.XLOOKUP(D14,講座内容詳細!B:B,講座内容詳細!F:F,"該当なし") -> 生き生き健康づくり ～歩こう・食べよう～ | F14: =講座内容詳細!B98 -> 7月15日(水)～8月15日(土) | I14: =講座内容詳細!B96 -> 10月3日(土)～10月4日(日)（1泊2日）
B15: =B14+1 -> 12 | C15: 施設 | D15: 宮城県美術館 | E15: =_xlfn.XLOOKUP(D15,講座内容詳細!B:B,講座内容詳細!F:F,"該当なし") -> クイズで“学ぶ”美術館 | F15: =講座内容詳細!B107 -> 9月1日(火)～9月30日(水) | I15: =講座内容詳細!B105 -> 11月3日(火・祝)
B16: =B15+1 -> 13 | C16: 大学 | D16: 東北大学大学院環境科学研究科 | E16: =_xlfn.XLOOKUP(D16,講座内容詳細!B:B,講座内容詳細!F:F,"該当なし") -> 化学でつなぐ未来社会：ものづくりからリサイクルまで | F16: =講座内容詳細!B116 -> 6月3日(水)～6月17日(水) | I16: =講座内容詳細!B114 -> 6月29日(月)、7月7日(火)、7月14日(火)、7月21日(火)
B17: =B16+1 -> 14 | C17: 大学 | D17: 東北大学金属材料研究所 | E17: =_xlfn.XLOOKUP(D17,講座内容詳細!B:B,講座内容詳細!F:F,"該当なし") -> 持続可能な未来社会を創る材料の科学と技術 | F17: =講座内容詳細!B125 -> 5月1日(金)～6月15日(月) | I17: =講座内容詳細!B123 -> 6月22日(月)、6月23日(火)、6月24日(水)、6月25日(木)、6月26日(金)
B18: =B17+1 -> 15 | C18: 大学 | D18: 東北大学流体科学研究所 | E18: =_xlfn.XLOOKUP(D18,講座内容詳細!B:B,講座内容詳細!F:F,"該当なし") -> ながれの科学 | F18: =講座内容詳細!B135 -> 7月1日(水)～8月23日(日) | I18: =講座内容詳細!B133 -> 8月28日(金)、9月4日(金)、9月11日(金)、9月18日(金)
B19: =B18+1 -> 16 | C19: 大学 | D19: 東北大学多元物質科学研究所 | E19: =_xlfn.XLOOKUP(D19,講座内容詳細!B:B,講座内容詳細!F:F,"該当なし") -> 分光法で解き明かすナノの世界 | F19: =講座内容詳細!B144 -> 6月1日(月)～6月30日(火) | I19: =講座内容詳細!B142 -> 7月3日(金)、7月10日(金)、7月17日(金)、7月24日(金)、7月31日(金)
B20: =B19+1 -> 17 | C20: 大学 | D20: 学校法人朴沢学園 仙台大学 | E20: =_xlfn.XLOOKUP(D20,講座内容詳細!B:B,講座内容詳細!F:F,"該当なし") -> 中高生アスリートをもつ保護者のためのスポーツ栄養学 | F20: =講座内容詳細!B153 -> 5月18日(月)～6月18日(木) | I20: =講座内容詳細!B151 -> 6月21日(日)、6月28日(日)、7月12日(日)、7月26日(日)
B21: =B20+1 -> 18 | C21: 大学 | D21: 尚絅学院大学 | E21: =_xlfn.XLOOKUP(D21,講座内容詳細!B:B,講座内容詳細!F:F,"該当なし") -> こころとからだの福祉 ～栄養・こころ・つながりの大切さ～ | F21: =講座内容詳細!B162 -> 7月23日(木)～9月10日(木) | I21: =講座内容詳細!B160 -> 9月16日(水)・9月17日(木) 全4回
B22: =B21+1 -> 19 | C22: 大学 | D22: 聖和学園短期大学 | E22: =_xlfn.XLOOKUP(D22,講座内容詳細!B:B,講座内容詳細!F:F,"該当なし") -> 大学生と楽しく交流！おうちで役立つ健康づくり教室 | F22: =講座内容詳細!B171 -> 5月1日(金)～12月15日(火) | I22: =講座内容詳細!B169 -> 5月13日(水)、6月10日(水)、7月1日(水)、7月29日(水)、10月7日(水)、11月11日(水)、12月16日(水)
B23: =B22+1 -> 20 | C23: 大学 | D23: 東北学院大学 | E23: =_xlfn.XLOOKUP(D23,講座内容詳細!B:B,講座内容詳細!F:F,"該当なし") -> 見えざる資産を探究する―伝統文化、ネットワーク、起業家精神、信頼の価値とは― | F23: =講座内容詳細!B180 -> 9月1日(火)～9月30日(水) | I23: =講座内容詳細!B178 -> 10月1日(木)、10月8日(木)、10月15日(木)、10月22日(木)
B24: =B23+1 -> 21 | C24: 大学 | D24: 東北医科薬科大学 | E24: =_xlfn.XLOOKUP(D24,講座内容詳細!B:B,講座内容詳細!F:F,"該当なし") -> キッズサイエンススクールat東北医科薬科大学 | F24: =講座内容詳細!B189 -> 7月1日(水)～7月31日(金) | I24: =講座内容詳細!B187 -> 8月1日(土)、8月2日(日)
B25: =B24+1 -> 22 | C25: 大学 | D25: 東北福祉大学 | E25: =_xlfn.XLOOKUP(D25,講座内容詳細!B:B,講座内容詳細!F:F,"該当なし") -> 『古寺巡礼』と歩む～仏像の見かた～ | F25: =講座内容詳細!B198 -> 5月11日(月)～6月2日(火) | I25: =講座内容詳細!B196 -> 6月4日(木)、7月2日(木)、7月30日(木)、8月27日(木)
B26: =B25+1 -> 23 | C26: 大学 | D26: 東北文化学園大学 | E26: =_xlfn.XLOOKUP(D26,講座内容詳細!B:B,講座内容詳細!F:F,"該当なし") -> 理科工作で身近なもののしくみを知ろう！ | F26: =講座内容詳細!B207 -> 6月1日(月)～7月18日(土) | I26: =講座内容詳細!B205 -> 7月25日(土)、8月1日(土)
B27: =B26+1 -> 24 | C27: 大学 | D27: 宮城学院女子大学① | E27: =_xlfn.XLOOKUP(D27,講座内容詳細!B:B,講座内容詳細!F:F,"該当なし") -> みやぎ近海産魚介類の地産地消 ～気候変動とみやぎの魚食文化～ | F27: =講座内容詳細!B216 -> 7月1日(水)～8月16日(日) | I27: =講座内容詳細!B214 -> 9月19日(土)、9月26日(土)、10月3日(土)
B28: =B27+1 -> 25 | C28: 大学 | D28: 宮城学院女子大学② | E28: =_xlfn.XLOOKUP(D28,講座内容詳細!B:B,講座内容詳細!F:F,"該当なし") -> 私たちの生活を支える地域施設デザイン | F28: =講座内容詳細!B225 -> 8月17日(月)～9月30日(水) | I28: =講座内容詳細!B223 -> 10月31日(土)、11月7日(土)、11月14日(土)
B29: =B28+1 -> 26 | C29: 大学 | D29: 東北生活文化大学短期大学部 | E29: =_xlfn.XLOOKUP(D29,講座内容詳細!B:B,講座内容詳細!F:F,"該当なし") -> 脳と体の健康づくり | F29: =講座内容詳細!B234 -> 10月1日(木)～10月21日(水)(必着) | I29: =講座内容詳細!B232 -> 11月5日(木)、11月12日(木)
B30: =B29+1 -> 27 | C30: 大学 | D30: 石巻専修大学 | E30: =_xlfn.XLOOKUP(D30,講座内容詳細!B:B,講座内容詳細!F:F,"該当なし") -> 大学への扉 | F30: =講座内容詳細!B243 -> 5月7日(木)～12月17日(木) | I30: =講座内容詳細!B241 -> 6月11日(木)、7月16日(木)、9月10日(木)、10月15日(木)、11月12日(木)、12月17日(木)
B31: =B30+1 -> 28 | C31: 大学 | D31: 宮城誠真短期大学 | E31: =_xlfn.XLOOKUP(D31,講座内容詳細!B:B,講座内容詳細!F:F,"該当なし") -> 宮城誠真短期大学「県民大学」 | F31: =講座内容詳細!B252 -> 7月22日(水)～8月18日(火) | I31: =講座内容詳細!B250 -> 8月26日(水)、9月2日(水)、9月9日(水)、9月16日(水)
B32: =B31+1 -> 29 | C32: 大学 | D32: 仙台白百合女子大学 | E32: =_xlfn.XLOOKUP(D32,講座内容詳細!B:B,講座内容詳細!F:F,"該当なし") -> 4学科横断オムニバス講座「大人の教養講座」 | F32: =講座内容詳細!B261 -> 6月1日(月)～9月25日(金) | I32: =講座内容詳細!B259 -> 7月11日(土)、8月22日(土)、8月29日(土)、9月26日(土)
B35: 2.地域力向上講座
B36: № | C36: 機関名 | E36: 講座名 | F36: 募集期間 | I36: 開催期間
B37: 1 | C37: 宮城県教育委員会 | E37: 地域力向上講座 (共催：登米市教育委員会) | F37: 9月～ | I37: 10/29、11/26、12/17、2/18
B38: 2 | C38: 宮城県教育委員会 | E38: 地域力向上フォローアップ講座 (共催：南三陸町教育委員会) | F38: (新規募集なし) | I38: 6/9、7/9、11/11
B39: ※講座内容のお問合わせ・お申込みは、各実施機関までお願いします。
B40: ※募集期間や開講期間は変更になる場合があります。詳細は各実施機関へ御確認願います。

Sheet 講座内容詳細
A1: 1.学校等開放講座
A3: 実施機関 | B3: 宮城県白石工業高等学校 | E3: 講座名 | F3: 木材でクリスマスツリーとリースを作ろう
A4: ねらい | B4: 木材を使ってオリジナルのクリスマスツリーやリースを制作します。季節感を味わいつつ、ものづくりの楽しさを体験しながら、世界にひとつだけの作品を作りましょう。
A5: 内 容 | B5: ①講座全体のながれの説明、②クリスマスリース制作、③クリスマスツリー制作、④デコレーション、⑤作品の展示・記念撮影
A6: 開講期間 | B6: 11月14日(土) | G6: 開講時間 | H6: 9:00～12:30
A7: 定 員 | B7: 15名 | C7: 対 象 | D7: 7歳(小学生)以上の宮城県民 | G7: 実施場所 | H7: 本校施工実習室
A8: 募集期間 | B8: 9月14日(月)～10月16日(金) | G8: 受講者負担 | H8: なし
A9: 申込方法 | B9: はがき、FAX、E-mail、二次元コード（氏名・性別・年齢・住所・職業・電話番号を記入のこと）。 家族での受講も歓迎します。
A10: 問い合せ 申込先 | B10: 〒989-0203 白石市郡山字鹿野43 宮城県白石工業高等学校「みやぎ県民大学講座担当」 TEL:0224-25-3240 FAX:0224-25-1476 E-mail: shiroishi-kougyou@od.myswan.ed.jp ※申込み後、開講日前日までに受講決定の連絡が無い場合は、申込先にお問い合わせください。
A12: 実施機関 | B12: 宮城県立松陵支援学校 | E12: 講座名 | F12: クリスマスやお正月の飾りを作ろう
A13: ねらい | B13: 学校周辺（県民の森）の自然観察を行い、松ぼっくりやドングリを使って制作を行います。また、竹を加工してミニ門松を作ります。
A14: 内 容 | B14: 第1回 学校周辺の自然観察・冬の制作 第2回 ミニ門松づくり
A15: 開講期間 | B15: 11月28日(土)、12月24日(木) | G15: 開講時間 | H15: 8:30～12:30
A16: 定 員 | B16: 20名 | C16: 対 象 | D16: 県民 | G16: 実施場所 | H16: 本校
A17: 募集期間 | B17: 10月1日(木)～10月30日(金) | G17: 受講者負担 | H17: 材料費 500円
A18: 申込方法 | B18: E-mail（氏名・性別・年齢・住所・職業・電話番号を記入のこと）
A19: 問い合せ 申込先 | B19: 〒981-3108 仙台市泉区松陵４－２８－２ 宮城県立松陵支援学校「みやぎ県民大学講座担当」 TEL:022-725-3315 FAX:022-725-3316 E-mail: shoryosien@od.myswan.ed.jp ※申込み後、開講日前日までに受講決定の連絡が無い場合は、申込先にお問い合わせください。
A21: 実施機関 | B21: 宮城県仙台二華中学校・高等学校 | E21: 講座名 | F21: 漢詩作法 ー人生を振り返り、これからの人生を豊かにするー
A22: ねらい | B22: 中国古典の精華と言われる漢詩の作法を学んで実作し、自他の作品の鑑賞を通じて、自己の精神世界の深化を図ります。特に今回は絶句を中心に取り扱います。
A23: 内 容 | B23: 第1回 「漢詩の歴史と作法」 第2回 「漢詩の主題と詩跡・歳時」 第3回 「絶句の作法」(漢魏六朝詩から唐詩までの形態の歴史的変遷を中心にして) 第4回 実作・鑑賞会
A24: 開講期間 | B24: 8月2日(日)、8月9日(日)、8月23日(日)、8月30日(日) | G24: 開講時間 | H24: 9:30～11:40
A25: 定 員 | B25: 30名 | C25: 対 象 | D25: 県民 | G25: 実施場所 | H25: 本校
A26: 募集期間 | B26: 5月25日(月)～7月29日(水) | G26: 受講者負担 | H26: なし
A27: 申込方法 | B27: はがき・ファックス（住所・氏名・年齢・職業・電話番号を明記）。
A28: 問い合せ 申込先 | B28: 〒984-0052 若林区連坊1丁目4番1号 宮城県仙台二華中学校・高等学校「みやぎ県民大学講座担当」 TEL:022-296-8101 FAX:022-296-8103 E-mail: nika@od.myswan.ed.jp ※申込み後、開講日前日までに受講決定の連絡が無い場合は、申込先にお問い合わせください。
A30: 実施機関 | B30: 宮城県古川工業高等学校 | E30: 講座名 | F30: 化学技術の世界にふれてみませんか
A31: ねらい | B31: 食品サンプル製作、カラフルビーズ製作、ウレタン樹脂組み立て、電子顕微鏡、デジタルマイクロスコープの操作を通して化学技術のいろいろなものづくりの世界にふれていただきます。
A32: 内 容 | B32: 第１回 ①食品サンプル製作 ②カラフルビーズ作成 ③ウレタン樹脂組み立て ④電子顕微鏡,デジタルマイクロスコープの操作 第２回 ①食品サンプル製作 ②カラフルビーズ作成 ③ウレタン樹脂組み立て ④電子顕微鏡,デジタルマイクロスコープの操作
A33: 開講期間 | B33: 6月28日(日)、7月5日(日) | G33: 開講時間 | H33: 9:00～12:00
A34: 定 員 | B34: 30名 | C34: 対 象 | D34: 小中学生と18歳以上の方 （2日間参加できる方） | G34: 実施場所 | H34: 本校化学技術科 実習室
A35: 募集期間 | B35: 5月7日(木)～5月28日(木) | G35: 受講者負担 | H35: 1人あたり200円（保険料＋材料費）
A36: 申込方法 | B36: 二次元コード※（二次元コードによる申込が難しい方には個別に対応します。） ※上記の募集期間に本校ホームページに掲載します。
A37: 問い合せ 申込先 | B37: 〒989-6171 大崎市古川北町4丁目7番1号 宮城県古川工業高等学校化学技術科「みやぎ県民大学講座担当」 TEL:0229-22-3166 FAX:0229-22-3182 E-mail: sekine-shi627@td.myswan.ed.jp ※申込み後、開講日前日までに受講決定の連絡が無い場合は、申込先にお問い合わせください。
A39: 実施機関 | B39: 宮城県登米総合産業高等学校 | E39: 講座名 | F39: 登米市のリンゴでリンゴジュースを作ってみませんか？
A40: ねらい | B40: 登米市のリンゴを使ったリンゴジュース製造を体験することで、登米市のリンゴ栽培とその加工について理解を深めます。
A41: 内 容 | B41: リンゴジュースづくり体験 リンゴについて
A42: 開講期間 | B42: 11月7日(土) | G42: 開講時間 | H42: 9:30～12:30
A43: 定 員 | B43: 20名 | C43: 対 象 | D43: 県民 | G43: 実施場所 | H43: 本校
A44: 募集期間 | B44: 9月1日(火)～9月18日(金) | G44: 受講者負担 | H44: なし
A45: 申込方法 | B45: E-mail（氏名、性別、年齢、住所、職業、電話番号を記入のこと）
A46: 問い合せ 申込先 | B46: 〒987-0602 登米市中田町上沼字北桜場223-1 宮城県登米総合産業高等学校「みやぎ県民大学講座担当」 TEL:0220-34-4666 FAX:0220-34-4655 E-mail: tomesou@od.myswan.ed.jp ※申込み後、開講日前日までに受講決定の連絡が無い場合は、申込先にお問い合わせください。
A48: 実施機関 | B48: 西山学院高等学校 | E48: 講座名 | F48: 大自然の中の陶芸講座
A49: ねらい | B49: 校地内より採取した土を使い、各回の講座ごとにテーマを設け、陶芸の知識を学んでいただきながら大自然の中での「七ヶ宿焼」を体験していただきます。
A50: 内 容 | B50: 第1回 作陶：手びねり（たま作り等） 第2回 作陶：手びねり（ひも作り等） 第3回 作陶：タタラ成形（皿、筒もの等） 第4回 作陶：自由作陶
A51: 開講期間 | B51: 6月6日(土)、7月11日(土)、9月5日(土)、10月3日(土) | G51: 開講時間 | H51: 10:00～12:00
A52: 定 員 | B52: 20名 | C52: 対 象 | D52: 県民 | G52: 実施場所 | H52: 本校陶芸棟
A53: 募集期間 | B53: 5月1日(金)～5月26日(火) | G53: 受講者負担 | H53: 1,000円(粘土代1kg・焼成費込み) ＋作品の着払い送料
A54: 申込方法 | B54: メール・電話・FAX（住所・氏名・年齢・電話番号）
A55: 問い合せ 申込先 | B55: 〒989-0533 刈田郡七ヶ宿町字矢立平4-5 西山学院高等学校「みやぎ県民大学講座担当」 TEL:0224-37-2131 FAX:0224-37-2021 E-mail：houai@rose.ocn.ne.jp ※申込み後、開講日前日までに受講決定の連絡が無い場合は、申込先にお問い合わせください。
A57: 実施機関 | B57: 星槎国際高等学校仙台学習センター | E57: 講座名 | F57: 星槎×場所文化×仙台よさこい
A58: ねらい | B58: 仙台学習センターでは、地域との関わりを大切にし、場所文化として、学びを日々深めることで今回「仙台みちのくYOSAKOIまつり」実行委員長様に依頼し、歴史的背景や意義、踊り方を学び、共生社会を目指す星槎の起点に幅広い世代に文化、伝統を繋げ、地域と繋がって行くことを目的とします。
A59: 内 容 | B59: 第1回 講義 星槎と場所文化 講演 仙台みちのくYOSAKOIまつりについて知ろう、学ぼう 体験 実際に踊ってみよう 第2回 講義 よさこいの踊り、使用する楽器について 体験 よさこいを踊ってみる、覚えてみよう
A60: 開講期間 | B60: 8月1日(土)、8月2日(日) | G60: 開講時間 | H60: 10:00～15:00
A61: 定 員 | B61: 20名 | C61: 対 象 | D61: 県民 | G61: 実施場所 | H61: 本校
A62: 募集期間 | B62: 6月1日(月)～7月24日(金) | G62: 受講者負担 | H62: なし
A63: 申込方法 | B63: 電話、FAX、email。複数人まとめて代表が申し込みする形でも結構です。
A64: 問い合せ 申込先 | B64: 〒983-0044 仙台市宮城野区宮千代2-18-7 星槎国際高等学校仙台学習センター「みやぎ県民大学講座担当」 TEL:022-231-5450 FAX:022-231-5451 E-mail:sendai@seisa.ed.jp ※申込み後、開講日前日までに受講決定の連絡が無い場合は、申込先にお問い合わせください。
A66: 実施機関 | B66: 仙台育英学園高等学校 | E66: 講座名 | F66: 初級韓国語を学び、キムチづくりをしよう
A67: ねらい | B67: 初級韓国語を学び、韓国の食文化に触れます。
A68: 内 容 | B68: 第1回 ハングルの読み方など、日常の簡単なあいさつなど 第2回 韓国の文化について、キムチづくり
A69: 開講期間 | B69: 7月28日(火)、7月29日(水) | G69: 開講時間 | H69: 第1回 10:00～12:30 第2回 10:00～13:30
A70: 定 員 | B70: 15名程度 | C70: 対 象 | D70: 県民(本学園保護者含む） | G70: 実施場所 | H70: 本学園 多賀城校舎
A71: 募集期間 | B71: 6月中旬～7月10日(金) | G71: 受講者負担 | H71: なし
A72: 申込方法 | B72: 本学園ＨＰ、はがき、ＦＡＸ、電話（氏名、年齢、住所、職業、電話番号を記載のこと）
A73: 問い合せ 申込先 | B73: 〒985-0853 多賀城市高橋五丁目6-1 仙台育英学園父母教師会事務局長 八森 伸（ハチモリ ノボル） TEL:022-368-4111 FAX:022-368-2800 E-mail：hachimori.nob@sendaiikuei.jp ※申込み後、開講日前日までに受講決定の連絡が無い場合は、申込先にお問い合わせください。
A75: 実施機関 | B75: 宮城県蔵王自然の家 | E75: 講座名 | F75: 白銀の蔵王 冬の森探検
A76: ねらい | B76: スノートレッキング等をとおして、蔵王の自然の美しさや環境問題について考えを深めます。
A77: 内 容 | B77: 冬山登山について 冬の森探検
A78: 開講期間 | B78: 令和9年2月14日(日) | G78: 開講時間 | H78: 調整中
A79: 定 員 | B79: 20名 | C79: 対 象 | D79: 18歳以上の県民 | G79: 実施場所 | H79: 本所及び周辺
A80: 募集期間 | B80: 令和9年1月7日(木)～1月27日(水) | G80: 受講者負担 | H80: あり（傷害保険、行動食、紙代等）
A81: 申込方法 | B81: 蔵王自然の家HPよりウェブサイト申込。
A82: 問い合せ 申込先 | B82: 〒989-0916 刈田郡蔵王町遠刈田温泉字上ノ原155-1 宮城県蔵王自然の家「みやぎ県民大学講座担当」 TEL:0224-34-2101 FAX:0224-34-2102 E-mail:zao-ukeire@pref.miyagi.lg.jp ※申込み後、開講日前日までに受講決定の連絡が無い場合は、申込先にお問い合わせください。
A84: 実施機関 | B84: 宮城県松島自然の家 | E84: 講座名 | F84: 宮戸島ハゼ釣り入門塾
A85: ねらい | B85: 釣り初心者層を対象に、釣り方や仕掛けづくり等の釣りに関する基本講座を開設し、基礎知識を学びます。また、実際に宮戸島周辺海域での陸釣りを行い、時期や時間帯、場所等の違いによる釣りのおもしろさを体験的に学びます。
A86: 内 容 | B86: 第1回 釣り基本講座 陸釣り体験①・陸釣り体験②
A87: 開講期間 | B87: 10月15日(木) | G87: 開講時間 | H87: 8:30～16:40
A88: 定 員 | B88: 30名 | C88: 対 象 | D88: 県民 | G88: 実施場所 | H88: 本所及び宮戸島周辺海域
A89: 募集期間 | B89: 8月6日(木)～8月20日(木) | G89: 受講者負担 | H89: あり(釣り餌・仕掛け・保険料等)
A90: 申込方法 | B90: 電話、FAX、メール、HP申込フォーム
A91: 問い合せ 申込先 | B91: 〒981-0412 東松島市宮戸字二ツ橋1 宮城県松島自然の家「みやぎ県民大学講座担当」 TEL:0225-90-4323 FAX:0225-88-2901 E-mail:mtyagai@pref.miyagi.lg.jp ※申込み後、開講日前日までに受講決定の連絡が無い場合は、申込先にお問い合わせください。
A93: 実施機関 | B93: 宮城県志津川自然の家 | E93: 講座名 | F93: 生き生き健康づくり ～歩こう・食べよう～
A94: ねらい | B94: 南三陸の豊かな自然の中で、手軽にできる運動〈ノルディックウォーキング〉と、地域食材を利用した食体験を通して、運動習慣と食生活の視点から、健康づくりへの関心を高めます。
A95: 内 容 | B95: 第1日目 里海の食材を活用した食体験 グラウンド・ゴルフ 第2日目 ノルディックウォーキング体験
A96: 開講期間 | B96: 10月3日(土)～10月4日(日)（1泊2日） | G96: 開講時間 | H96: 13:00～翌日14:00
A97: 定 員 | B97: 24名 | C97: 対 象 | D97: 県民（小・中学生は保護者同伴） | G97: 実施場所 | H97: 本所及び南三陸周辺
A98: 募集期間 | B98: 7月15日(水)～8月15日(土) | G98: 受講者負担 | H98: 4,100円（宿泊料、食材費、保険料）予定
A99: 申込方法 | B99: 申込フォーム、往復はがき（氏名・ふりがな・性別・年齢・住所・電話番号を記入のこと）
A100: 問い合せ 申込先 | B100: 〒986-0781 本吉郡南三陸町戸倉字坂本88-1 宮城県志津川自然の家「みやぎ県民大学講座担当」 TEL:0226-46-9044 FAX:0226-46-9045 E-mail:szm@pref.miyagi.lg.jp ※申込み後、開講日前日までに受講決定の連絡が無い場合は、申込先にお問い合わせください。
A102: 実施機関 | B102: 宮城県美術館 | E102: 講座名 | F102: クイズで“学ぶ”美術館
A103: ねらい | B103: 県民の皆様の美術に対する興味・関心に応えるとともに、美術館や当館の所蔵品について周知普及を図るものです。
A104: 内 容 | B104: 美術館や所蔵品に関するクイズシートを片手に、個人やお友達、ご家族で美術館内外を巡っていただきます。美術館が初めての方も、何度も訪れたことがある方も、美術館や所蔵品の新たな魅力に気が付き、学びを深めていただくきっかけになればと思います。クイズの解答・解説は、美術館の学芸員が行います。
A105: 開講期間 | B105: 11月3日(火・祝) | G105: 開講時間 | H105: 10:00～12:00
A106: 定 員 | B106: 50名程度 | C106: 対 象 | D106: ご家族連れから一般の宮城県民 | G106: 実施場所 | H106: 宮城県美術館 アート・ホール
A107: 受付期間 | B107: 9月1日(火)～9月30日(水) | G107: 受講者負担 | H107: なし（開館記念日にあたるため収蔵品展無料）
A108: 申込方法 | B108: 事前のLogoフォームによる電子申請で申し込み
A109: 問い合せ 申込先 | B109: 〒980-0861 仙台市青葉区川内元支倉34-1 宮城県美術館「みやぎ県民大学担当」 TEL:022-221-2111 ＊Logoフォームでの申込 ※申込み後、開講日前日までに受講決定の連絡が無い場合は、申込先にお問い合わせください。
A111: 実施機関 | B111: 東北大学大学院環境科学研究科 | E111: 講座名 | F111: 化学でつなぐ未来社会：ものづくりからリサイクルまで
A112: ねらい | B112: 持続可能な社会に欠かせない「ものづくり」と「リサイクル」における化学の役割を解説します。最先端の材料開発から使用後の再利用に至る物質の流れを理解し、高度な利便性と環境保全を両立させるための知恵を養うことが、本講座のねらいです。
A113: 内 容 | B113: 第1回 資源循環とサーキュラーエコノミー 第2回 カーボンニュートラル社会に向けた技術開発と社会実装 第3回 高性能二次電池のフロンティア 第4回 未来の医療を支える「賢い」分子の設計
...
